[ AOE2 MATCH · #505275104 ]
UnrankedCumans vs Aztecs
Player's team · LOSS
Rival team · WIN
[ REPLAY ANALYSIS · EXTRACTED FROM THE RECORDED GAME ]
Feudal
9:41
Castle
22:34
Imperial
—
| APM avg | 68.8 |
| APM peak | 124 |
| eAPM avg | 25.5 |
| Villagers / military | 47 / 28 |
Focus
⚔️ 29.2% · 🌾 70.8%
Skirmisher ×18 · Cavalry Archer ×8 · Archer ×1 · Mangonel ×1
Feudal
10:57
Castle
20:47
Imperial
—
| APM avg | 85.2 |
| APM peak | 170 |
| eAPM avg | 37.9 |
| Villagers / military | 54 / 52 |
Focus
⚔️ 34.3% · 🌾 65.7%
Eagle Scout ×22 · Archer ×16 · Militia ×4 · Monk ×3 · Scorpion ×2 · Spearman ×2
Match map
Initial resources + every placement click. Lines = walls · curves = elevation contours. ◆ gold · ⬟ stone · ● berries · ✦ relic · ◌ wall gap
Your base· Open — 5t gap
NOC | Terz's base· Open — unwalled flank
Smoothed initial terrain · ◌ = detected wall gap · hover for details
Inputs per minute
— OS+ | Sziky - - NOC | Terz
Build order — OS+ | Sziky
First 150 of 168 actions detected
| 0:00 | Create | Villager (Male) |
| 0:01 | Build | House |
| 0:02 | Build | House |
| 0:04 | Create | Villager (Male) |
| 0:04 | Create | Villager (Male) |
| 0:12 | Create | Villager (Male) |
| 1:26 | Create | Villager (Male) |
| 1:47 | Build | Mill |
| 2:00 | Create | Villager (Male) |
| 2:22 | Create | Villager (Male) |
| 2:46 | Create | Villager (Male) |
| 3:16 | Create | Villager (Male) |
| 3:39 | Create | Villager (Male) |
| 3:48 | Build | House |
| 3:58 | Create | Villager (Male) |
| 4:23 | Create | Villager (Male) |
| 4:46 | Create | Villager (Male) |
| 5:24 | Research | Loom |
| 5:25 | Create | Villager (Male) |
| 5:34 | Create | Villager (Male) |
| 5:53 | Build | Lumber Camp |
| 6:42 | Build | Palisade Wall |
| 6:45 | Build | Palisade Wall |
| 6:48 | Build | Palisade Wall |
| 6:53 | Build | House |
| 7:06 | Create | Villager (Male) |
| 7:07 | Create | Villager (Male) |
| 7:12 | Research | Feudal Age |
| 7:43 | Build | Palisade Gate |
| 7:55 | Create | Villager (Male) |
| 8:31 | Create | Villager (Male) |
| 8:42 | Build | Barracks |
| 9:41 | Age | Feudal Age |
| 9:46 | Build | Archery Range |
| 9:49 | Research | Double-Bit Axe |
| 10:02 | Create | Villager (Male) |
| 10:29 | Create | Archer |
| 10:42 | Build | House |
| 10:49 | Create | Villager (Male) |
| 10:51 | Build | Mill |
| 11:00 | Create | Villager (Male) |
| 11:20 | Build | House |
| 11:23 | Create | Skirmisher |
| 11:32 | Create | Villager (Male) |
| 12:00 | Create | Villager (Male) |
| 12:07 | Create | Villager (Male) |
| 12:18 | Build | Farm |
| 12:19 | Build | Farm |
| 12:20 | Build | Farm |
| 12:22 | Build | Farm |
| 12:23 | Create | Villager (Male) |
| 12:25 | Create | Skirmisher |
| 12:43 | Create | Villager (Male) |
| 12:50 | Build | Farm |
| 12:59 | Build | House |
| 13:00 | Build | Palisade Wall |
| 13:01 | Build | Palisade Wall |
| 13:01 | Build | Palisade Wall |
| 13:05 | Create | Skirmisher |
| 13:13 | Create | Skirmisher |
| 13:24 | Create | Villager (Male) |
| 13:27 | Create | Skirmisher |
| 13:45 | Build | Lumber Camp |
| 13:49 | Create | Villager (Male) |
| 13:54 | Create | Skirmisher |
| 14:12 | Build | House |
| 14:21 | Create | Skirmisher |
| 14:33 | Create | Villager (Male) |
| 14:35 | Build | Farm |
| 14:36 | Build | Farm |
| 14:51 | Create | Skirmisher |
| 15:00 | Create | Villager (Male) |
| 15:07 | Build | Farm |
| 15:10 | Build | House |
| 15:18 | Build | Farm |
| 15:20 | Build | Farm |
| 15:24 | Create | Skirmisher |
| 15:37 | Create | Villager (Male) |
| 15:39 | Build | Farm |
| 15:58 | Create | Skirmisher |
| 16:00 | Create | Villager (Male) |
| 16:03 | Build | House |
| 16:10 | Create | Villager (Male) |
| 16:12 | Build | Blacksmith |
| 16:19 | Create | Skirmisher |
| 16:23 | Create | Skirmisher |
| 16:31 | Create | Skirmisher |
| 16:32 | Create | Villager (Male) |
| 16:35 | Build | Farm |
| 16:45 | Create | Villager (Male) |
| 16:49 | Create | Skirmisher |
| 16:57 | Build | Palisade Wall |
| 17:04 | Build | Mining Camp |
| 17:11 | Build | Palisade Wall |
| 17:14 | Create | Villager (Male) |
| 17:38 | Build | House |
| 17:39 | Create | Villager (Male) |
| 17:43 | Create | Skirmisher |
| 17:46 | Build | Archery Range |
| 18:00 | Build | Farm |
| 18:02 | Build | Farm |
| 18:03 | Build | Farm |
| 18:16 | Create | Villager (Male) |
| 18:20 | Build | Palisade Wall |
| 18:29 | Create | Villager (Male) |
| 18:36 | Create | Skirmisher |
| 18:41 | Create | Skirmisher |
| 18:48 | Build | Farm |
| 18:48 | Build | Farm |
| 18:55 | Create | Skirmisher |
| 19:04 | Build | Farm |
| 19:16 | Build | Watch Tower |
| 19:23 | Create | Villager (Male) |
| 19:37 | Research | Padded Archer Armor |
| 19:52 | Build | House |
| 19:54 | Research | Castle Age |
| 19:54 | Research | Castle Age |
| 20:15 | Build | House |
| 20:18 | Build | House |
| 20:26 | Research | Fletching |
| 20:28 | Build | House |
| 20:37 | Build | Archery Range |
| 20:39 | Build | Mining Camp |
| 20:42 | Research | Gold Mining |
| 20:47 | Research | Horse Collar |
| 21:01 | Build | House |
| 21:05 | Build | House |
| 21:10 | Build | House |
| 21:14 | Build | House |
| 21:18 | Build | House |
| 21:56 | Build | House |
| 22:16 | Build | House |
| 22:20 | Build | House |
| 22:23 | Build | Stable |
| 22:24 | Build | Farm |
| 22:34 | Age | Castle Age |
| 22:36 | Research | Bodkin Arrow |
| 22:36 | Research | Bodkin Arrow |
| 22:38 | Research | Thumb Ring |
| 22:38 | Research | Thumb Ring |
| 22:39 | Create | Cavalry Archer |
| 22:40 | Create | Villager (Male) |
| 22:46 | Build | House |
| 22:50 | Build | Palisade Wall |
| 22:51 | Build | Palisade Wall |
| 22:53 | Build | Palisade Wall |
| 23:17 | Create | Cavalry Archer |
| 23:17 | Create | Cavalry Archer |
| 23:24 | Create | Villager (Male) |
| 23:36 | Create | Cavalry Archer |
Build order — NOC | Terz
First 150 of 178 actions detected
| 0:00 | Create | Villager (Male) |
| 0:00 | Create | Villager (Male) |
| 0:00 | Create | Villager (Male) |
| 0:01 | Create | Villager (Male) |
| 0:02 | Build | House |
| 0:02 | Build | House |
| 1:21 | Create | Villager (Male) |
| 1:21 | Create | Villager (Male) |
| 1:56 | Create | Villager (Male) |
| 1:56 | Create | Villager (Male) |
| 2:18 | Create | Villager (Male) |
| 2:37 | Create | Villager (Male) |
| 2:43 | Build | Barracks |
| 3:06 | Create | Villager (Male) |
| 3:16 | Build | House |
| 3:22 | Build | House |
| 3:26 | Create | Villager (Male) |
| 3:49 | Create | Militia |
| 3:52 | Create | Villager (Male) |
| 4:10 | Build | House |
| 4:20 | Create | Militia |
| 4:32 | Create | Villager (Male) |
| 4:46 | Create | Militia |
| 4:46 | Create | Militia |
| 5:00 | Create | Villager (Male) |
| 5:15 | Build | Mill |
| 5:19 | Create | Villager (Male) |
| 5:19 | Create | Villager (Male) |
| 5:36 | Create | Villager (Male) |
| 5:58 | Create | Villager (Male) |
| 5:59 | Build | House |
| 6:24 | Create | Villager (Male) |
| 6:42 | Create | Villager (Male) |
| 7:14 | Create | Villager (Male) |
| 7:43 | Build | Lumber Camp |
| 7:47 | Create | Villager (Male) |
| 8:15 | Research | Loom |
| 8:38 | Research | Feudal Age |
| 9:05 | Build | Mining Camp |
| 9:24 | Build | House |
| 9:26 | Build | House |
| 9:26 | Build | Palisade Wall |
| 10:10 | Create | Villager (Male) |
| 10:21 | Build | House |
| 10:57 | Age | Feudal Age |
| 11:00 | Build | Archery Range |
| 11:00 | Create | Spearman |
| 11:01 | Create | Spearman |
| 11:04 | Create | Villager (Male) |
| 11:24 | Research | Double-Bit Axe |
| 11:30 | Create | Villager (Male) |
| 11:42 | Build | Farm |
| 11:49 | Create | Archer |
| 11:50 | Create | Archer |
| 11:51 | Create | Villager (Male) |
| 11:56 | Build | Palisade Wall |
| 12:03 | Build | Farm |
| 12:22 | Build | Farm |
| 12:23 | Create | Villager (Male) |
| 12:38 | Build | Farm |
| 12:42 | Create | Archer |
| 12:42 | Create | Archer |
| 12:43 | Create | Villager (Male) |
| 12:59 | Build | House |
| 13:00 | Build | Palisade Wall |
| 13:03 | Create | Archer |
| 13:05 | Create | Villager (Male) |
| 13:11 | Build | Palisade Wall |
| 13:28 | Build | Farm |
| 13:31 | Build | Farm |
| 13:39 | Build | Palisade Wall |
| 13:42 | Create | Archer |
| 13:43 | Create | Villager (Male) |
| 14:03 | Create | Villager (Male) |
| 14:08 | Create | Skirmisher |
| 14:28 | Build | Farm |
| 14:32 | Build | House |
| 14:32 | Create | Villager (Male) |
| 14:46 | Create | Villager (Male) |
| 14:47 | Create | Skirmisher |
| 14:59 | Build | Blacksmith |
| 15:03 | Create | Eagle Scout |
| 15:04 | Create | Archer |
| 15:07 | Build | Farm |
| 15:07 | Create | Villager (Male) |
| 15:19 | Build | Farm |
| 15:19 | Create | Villager (Male) |
| 15:35 | Create | Eagle Scout |
| 15:39 | Build | House |
| 15:43 | Create | Villager (Male) |
| 15:46 | Research | Forging |
| 15:48 | Research | Fletching |
| 15:52 | Create | Villager (Male) |
| 16:02 | Build | Farm |
| 16:08 | Create | Eagle Scout |
| 16:11 | Build | House |
| 16:11 | Build | Palisade Wall |
| 16:30 | Build | Farm |
| 16:32 | Create | Villager (Male) |
| 16:44 | Build | Farm |
| 16:47 | Build | Farm |
| 16:51 | Build | Market |
| 16:55 | Create | Archer |
| 17:02 | Create | Villager (Male) |
| 17:03 | Build | Farm |
| 17:05 | Build | Farm |
| 17:34 | Build | House |
| 17:41 | Build | Farm |
| 17:47 | Create | Archer |
| 18:07 | Research | Castle Age |
| 18:10 | Create | Eagle Scout |
| 18:20 | Research | Horse Collar |
| 18:30 | Create | Archer |
| 18:48 | Create | Eagle Scout |
| 18:58 | Research | Gold Mining |
| 19:02 | Create | Archer |
| 19:14 | Create | Archer |
| 19:17 | Build | Barracks |
| 19:21 | Research | Scale Mail Armor |
| 19:24 | Create | Eagle Scout |
| 19:39 | Build | Lumber Camp |
| 19:50 | Create | Eagle Scout |
| 19:51 | Create | Archer |
| 19:54 | Create | Villager (Male) |
| 20:13 | Create | Eagle Scout |
| 20:47 | Age | Castle Age |
| 20:49 | Research | Eagle Warrior (upgrade) |
| 20:50 | Research | Squires |
| 20:59 | Research | Crossbowman (upgrade) |
| 21:01 | Create | Villager (Male) |
| 21:08 | Build | Monastery |
| 21:11 | Build | Farm |
| 21:12 | Build | Farm |
| 21:47 | Build | Farm |
| 21:48 | Research | Bodkin Arrow |
| 21:54 | Create | Eagle Scout |
| 21:55 | Create | Eagle Scout |
| 22:09 | Create | Monk |
| 22:10 | Create | Villager (Male) |
| 22:13 | Create | Eagle Scout |
| 22:22 | Create | Villager (Male) |
| 22:24 | Build | Siege Workshop |
| 22:37 | Create | Monk |
| 22:40 | Create | Villager (Male) |
| 22:45 | Create | Archer |
| 22:55 | Create | Eagle Scout |
| 22:57 | Create | Villager (Male) |
| 23:02 | Create | Archer |
| 23:06 | Create | Villager (Male) |
| 23:23 | Create | Villager (Male) |
Match timeline
| 2:43 | NOC | Terz · first_building Barracks |
| 6:42 | OS+ | Sziky · wall_segment Palisade Wall x1 |
| 6:45 | OS+ | Sziky · wall_segment Palisade Wall x1 |
| 6:48 | OS+ | Sziky · wall_segment Palisade Wall x1 |
| 8:42 | OS+ | Sziky · first_building Barracks |
| 9:26 | NOC | Terz · wall_segment Palisade Wall x1 |
| 9:41 | OS+ | Sziky · age_up feudal |
| 9:46 | OS+ | Sziky · first_building Archery Range |
| 10:57 | NOC | Terz · age_up feudal |
| 11:00 | NOC | Terz · first_building Archery Range |
| 11:56 | NOC | Terz · wall_segment Palisade Wall x6 |
| 13:00 | NOC | Terz · wall_segment Palisade Wall x7 |
| 13:00 | OS+ | Sziky · wall_segment Palisade Wall x1 |
| 13:01 | OS+ | Sziky · wall_segment Palisade Wall x1 |
| 13:01 | OS+ | Sziky · wall_segment Palisade Wall x1 |
| 13:11 | NOC | Terz · wall_segment Palisade Wall x6 |
| 13:39 | NOC | Terz · wall_segment Palisade Wall x5 |
| 16:11 | NOC | Terz · wall_segment Palisade Wall x6 |
| 16:57 | OS+ | Sziky · wall_segment Palisade Wall x4 |
| 17:11 | OS+ | Sziky · wall_segment Palisade Wall x1 |
| 18:04 | NOC | Terz · first_market_buy 100 food |
| 18:07 | NOC | Terz · first_market_sell 100 wood |
| 18:20 | OS+ | Sziky · wall_segment Palisade Wall x12 |
| 20:47 | NOC | Terz · age_up castle |
| 21:08 | NOC | Terz · first_building Monastery |
| 22:23 | OS+ | Sziky · first_building Stable |
| 22:24 | NOC | Terz · first_building Siege Workshop |
| 22:34 | OS+ | Sziky · age_up castle |
| 22:50 | OS+ | Sziky · wall_segment Palisade Wall x1 |
| 22:51 | OS+ | Sziky · wall_segment Palisade Wall x1 |
| 22:53 | OS+ | Sziky · wall_segment Palisade Wall x1 |
| 23:39 | OS+ | Sziky · first_building Siege Workshop |
| 25:50 | OS+ | Sziky · resign |
[ AI ANALYSIS · 1 CREDIT ]
What really happened in this match?
Wolo.gg analyzes every decision: build order, eco, micro, common mistakes by bracket. Personalized analysis on WhatsApp or Discord in 30 seconds.
Civ guide
Cumans
Perfil
Sziky (OS+ | Sziky)